 Zot Defence DCSS version 0.15.2 (webtiles) character file.

240 Kakkamies the Skirmisher (level 5, -2/42 HPs)
             Began as a Demonspawn Fighter on June 22, 2017.
             Slain by a goliath beetle (26 damage)
             ... in the Realm of Zot (Scenario III: Two or Three?).
             The game lasted 00:08:41 (930 turns).

Kakkamies the Skirmisher (Demonspawn Fighter)        Turns: 930, Time: 00:08:42

HP  -2/42        AC  7     Str 17      XL: 5   Next: 80%
MP   5/5         EV  6     Int  9      God:
Gold 0           SH  9     Dex 13      Spells:  0 memorised,  4 levels left

rFire  . . .     SeeInvis .     a - +0 trident
rCold  . . .     Clarity  .     b - +0 scale mail
rNeg   . . .     rCorr    .     c - +0 shield
rPois  .         rRot     .     (helmet restricted)
rElec  .         Spirit   .     (no cloak)
SustAb .         Warding  .     (no gloves)
rMut   .         Stasis   .     (no boots)
Gourm  .                        (no amulet)
MR     .....                    (no ring)
                                (no ring)

@: very slightly contaminated, not resistant to hostile enchantments, extremely
unstealthy
A: antennae 1, demonic guardian 1
a: Make oklob sapling, Make arrow trap, Make plant, Remove Curse, Make burning
bush


You were in the Realm of Zot.
You were not hungry.

You visited 1 branch

Inventory:

Hand weapons
 a - a +0 trident (weapon)
 l - a +0 halberd
Armour
 b - a +0 scale mail (worn)
 c - a +0 shield (worn)
Comestibles
 f - a bread ration
Scrolls
 k - a scroll of blinking
Potions
 d - 3 potions of curing
 e - a potion of might
 i - 2 potions of magic
 j - a potion of berserk rage


   Skills:
 + Level 4.1 Fighting
 + Level 2.8 Polearms
 + Level 3.9 Armour
 + Level 1.3 Dodging
 + Level 3.5 Shields


You had 4 spell levels left.
You didn't know any spells.

Dungeon Overview and Level Annotations

Branches:
    Zot (1/1)

Altars:

Annotations:
Zot Prince Ribbit


Innate Abilities, Weirdness & Mutations

You have a pair of small antennae on your head.
A weak demonic guardian rushes to your aid.


Message History

The wolf barely misses you.
Your oklob sapling spits acid at the wolf.
The splash of acid hits the wolf.
You closely miss the wolf.
The wolf is lightly wounded.
You block the wolf's attack. The wolf bites you but does no damage.
The wolf bites you but does no damage.
Unknown command.
You hit the wolf.
The wolf is moderately wounded.
You block the wolf's attack.
Your iron imp misses the wolf.
The wolf bites you but does no damage.
Unknown command.
You barely miss the wolf.
The wolf is moderately wounded.
You block the wolf's attack.
Your oklob sapling spits acid at the wolf.
The splash of acid hits the wolf.
The goliath beetle bites you!!
Ouch! That really hurt!
You die...

▓▓...▓..▓▓▓▓▓▓▓▓.▓▓▓▓▓▓▓▓..▓...▓▓
▓▓...▓..▓ ▓.▓ ▓..▓...▓▓ ▓....▓..▓
▓▓.▓▓ ▓..▓....▓ .....▓..▓ ▓...▓
▓..▓..... .....▓..▓ ▓▓...▓▓
▓..▓..... .....▓..▓ ▓▓.....▓▓
▓..▓.....
.....▓..▓▓▓▓▓.......▓▓▓▓▓..▓.....
....▓▓...▓▓...)%5)....▓▓...▓▓....
▓▓▓▓▓▓▓..^)).)%)@h)))))^..▓▓▓▓▓▓▓
▓▓▓▓▓....)PB5...▓▓▓▓▓
▓▓▓.......▓▓▓ ▓▓.....▓▓ ▓▓...▓▓
▓...▓ ▓▓▓▓▓


You could see a goliath beetle, a wolf, a friendly oklob sapling, a friendly
iron imp and a friendly crimson imp.

Vanquished Creatures
  Terence (Zot)
  A giant gecko (Zot)
  An orc (Zot)
  2 ball pythons (Zot)
  4 bats (Zot)
  A giant cockroach (Zot)
  4 hobgoblins (Zot)
  A jackal (Zot)
  A kobold (Zot)
  7 oozes (Zot)
  3 goblins (Zot)
  A rat (Zot)
27 creatures vanquished.

Vanquished Creatures (collateral kills)
  A goliath beetle (Zot)
  4 gnolls (Zot)
  A worm (Zot)
  2 ball pythons (Zot)
  2 bats (Zot)
  4 giant cockroaches (Zot)
  4 hobgoblins (Zot)
  3 quokkas (Zot)
  2 giant newts (Zot)
  14 goblins (Zot)
  2 jackals (Zot)
  4 kobolds (Zot)
  4 rats (Zot)
47 creatures vanquished.

Vanquished Creatures (others)
  An oklob sapling (Zot)
  A quasit (Zot)
  An iron imp (Zot)
  An ufetubus (Zot)
4 creatures vanquished.

Grand Total: 78 creatures vanquished

Notes
Turn   | Place    | Note
--------------------------------------------------------------
     0 | Zot      | Kakkamies, the Demonspawn Fighter, began the quest for the Orb.
     0 | Zot      | Reached XP level 1. HP: 18/18 MP: 1/1
   234 | Zot      | Gained mutation: A weak demonic guardian rushes to your aid. [demonic ancestry]
   234 | Zot      | Reached XP level 2. HP: 24/24 MP: 2/2
   319 | Zot      | Reached XP level 3. HP: 12/29 MP: 3/3
   609 | Zot      | Reached XP level 4. HP: 37/37 MP: 4/4
   662 | Zot      | Reached skill level 4 in Fighting
   770 | Zot      | Noticed Terence
   782 | Zot      | Killed Terence
   782 | Zot      | Gained mutation: You have a pair of small antennae on your head. [demonic ancestry]
   782 | Zot      | Reached XP level 5. HP: 36/42 MP: 5/5
   792 | Zot      | Reached skill level 1 in Dodging
   852 | Zot      | Noticed Prince Ribbit
   922 | Zot      | Noticed a wolf
   930 | Zot      | Slain by a goliath beetle

Action                   |  1- 3 |  4- 6 || total
-------------------------+-------+-------++-------
Melee: Trident           |    51 |    70 ||   121
 Abil: Make oklob saplin |     2 |       ||     2
       Make arrow trap   |       |     2 ||     2
  Use: Potion            |       |     2 ||     2
 Stab: Distracted        |       |     1 ||     1
